 Dungeon Crawl Stone Soup version 0.26-a0-652-gafc20e3620 (webtiles) character file.

Game seed: 13048016988823337809

283 jasper the Chopper (level 6, 0/73 HPs)
             Began as a Demonspawn Delver on Oct 1, 2020.
             Was a Follower of Nemelex Xobeh.
             Succumbed to a kobold's poison
             ... on level 3 of the Dungeon.
             The game lasted 00:05:50 (4007 turns).

jasper the Chopper (Demonspawn Delver)              Turns: 4007, Time: 00:05:50

Health: 0/73       AC:  9    Str: 14    XL:     6   Next: 7%
Magic:  6/6        EV:  9    Int: 12    God:    Nemelex Xobeh [*.....]
Gold:   176        SH:  0    Dex: 14    Spells: 5/5 levels left

rFire    + . .     SeeInvis .   a - +0 hand axe
rCold    x . .     Faith    .   (no shield)
rNeg     . . .     Spirit   .   w - +0 scale mail
rPois    .         Reflect  .   (no helmet)
rElec    .         Harm     .   v - +0 cloak
rCorr    .         Rampage  .   (no gloves)
MR       .....                  (no boots)
Stlth    ..........             (no amulet)
HPRegen  0.22/turn              r - ring of fire
MPRegen  0.10/turn              (no ring)

@: berserking (expiring), lethally poisoned (0 -> -15), slowed
A: rugged brown scales 2, demonic guardian 1
a: Draw Escape, Draw Destruction, Draw Summoning, Renounce Religion


You were on level 3 of the Dungeon.
You worshipped Nemelex Xobeh.
Nemelex Xobeh was aware of your devotion.
You visited 2 branches of the dungeon, and saw 6 of its levels.

You collected 176 gold pieces.

Inventory:

Hand Weapons
 a - a +0 hand axe (weapon)
Missiles
 j - 52 bolts
 k - 75 arrows
 t - 25 stones (quivered)
Armour
 b - a +0 leather armour
 v - a +0 cloak (worn)
 w - a +0 scale mail (worn)
Jewellery
 r - a ring of fire (left hand)
 u - a cursed amulet of inaccuracy {unknown}
Wands
 g - a wand of digging (3)
 h - a wand of random effects (12)
Scrolls
 c - 2 scrolls of fog
 d - a scroll of magic mapping
 e - a scroll of fear
 l - a scroll of random uselessness {unknown}
 m - 2 scrolls of teleportation {unknown}
 o - 7 scrolls of identify {unknown}
 p - 3 scrolls of remove curse {unknown}
 s - a scroll of enchant weapon {unknown}
Potions
 f - a potion of haste
 n - a potion of stabbing {unknown}
 q - a potion of flight {unknown}
 x - a potion of lignification
 z - a potion of resistance {unknown}


   Skills:
 - Level 3.0 Fighting
 + Level 5.9 Axes
 - Level 1.7 Dodging
 - Level 4.5 Stealth


You had 5 spell levels left.
You didn't know any spells.
Your spell library was empty.

Dungeon Overview and Level Annotations

Branches:
Dungeon (5/15)             Temple (1/1) D:4

Altars:
Cheibriados
Dithmenos
Elyvilon
Fedhas
Gozag
Kikubaaqudgha
Makhleb
Nemelex Xobeh
Qazlal
Trog
Uskayaw
Wu Jian
Xom
Yredelemnul
Zin

Annotations:
D:5 exclusions: hound and ogre


Innate Abilities, Weirdness & Mutations

You are mostly covered in rugged brown scales. (AC +2, +5% HP)
A weak demonic guardian rushes to your aid.


Message History

* * * LOW HITPOINT WARNING * * *
You feel sick. The kobold closely misses you.
You hit the kobold.
The kobold is moderately wounded.
* * * LOW HITPOINT WARNING * * *
You feel sick. The kobold barely misses you.
You miss the kobold.
The kobold is moderately wounded.
* * * LOW HITPOINT WARNING * * *
You feel sick. The kobold barely misses you.
You hit the kobold.
You kill the kobold!
* * * LOW HITPOINT WARNING * * *
You feel sick.
You are too berserk!
* * * LOW HITPOINT WARNING * * *
You feel sick.
You feel a strong urge to attack something.
You die...
Your body glows slightly and disappears.

#. ........##....#.# #.#
#...........(....#.####..
#.....##'#(##....# #....#
#..... #((.......# #....#
#.....##(#.####### '.....
#.....(........ .....
#......#(####### #.#..
#......)(....(.. #..
#......#@##..... #..
#.....[#.# #### .....
#......#.. #....
........... #....
...#####..## #.... ..
.... ..... #..# #....
#..# .. ..


There were no monsters in sight!

Vanquished Creatures
  2 hounds
  A bullfrog skeleton (D:4)
  An iguana (D:4)
  3 adders
  A white imp (D:2)
  3 worms
  3 dart slugs
  3 leopard geckos
  4 orcs
  8 bats
  3 giant cockroaches
  7 goblins
  9 hobgoblins
  4 jackals (D:2)
  A ball python (D:2)
  5 frilled lizards
  10 kobolds
  7 rats
75 creatures vanquished.

Vanquished Creatures (collateral kills)
  A howler monkey (D:4)
  An orc wizard (D:4)
  A centaur skeleton (D:4)
3 creatures vanquished.

Vanquished Creatures (others)
  26 fungi (D:4)
  56 plants (D:4)
82 creatures vanquished.

Grand Total: 160 creatures vanquished

Notes
Turn   | Place    | Note
-------+----------+-------------------------------------------
     0 | D:5      | jasper the Demonspawn Delver began the quest for the Orb.
     0 | D:5      | Reached XP level 1. HP: 18/18 MP: 1/1
     1 | D:5      | Noticed an ogre
    96 | D:5      | Noticed a hound
   128 | D:5      | Reached skill level 2 in Axes
   128 | D:5      | Gained mutation: You are partially covered in rugged brown
                  | scales. (AC +1, +3% HP) [demonic ancestry]
   128 | D:5      | Reached XP level 2. HP: 18/24 MP: 2/2
   236 | D:5      | Reached skill level 3 in Axes
   236 | D:5      | Reached XP level 3. HP: 27/29 MP: 3/3
   262 | D:5      | Noticed an ogre
   274 | D:4      | Found a staircase to the Ecumenical Temple.
   290 | Temple   | Entered the Ecumenical Temple
   296 | Temple   | Reached skill level 4 in Axes
   296 | Temple   | Gained mutation: A weak demonic guardian rushes to your
                  | aid. [demonic ancestry]
   296 | Temple   | Reached XP level 4. HP: 36/36 MP: 4/4
   368 | Temple   | Became a worshipper of Nemelex Xobeh the Trickster
   797 | D:4      | Gained mutation: You are mostly covered in rugged brown
                  | scales. (AC +2, +5% HP) [demonic ancestry]
   797 | D:4      | Reached XP level 5. HP: 26/43 MP: 5/5
   996 | D:4      | Found a white marble altar of Elyvilon.
  1023 | D:4      | Reached skill level 5 in Axes
  1491 | D:2      | Found a stormy altar of Qazlal.
  2128 | D:1      | Reached * piety under Nemelex Xobeh
  2651 | D:2      | Found a hide-covered altar of Uskayaw.
  2654 | D:2      | Noticed a +0 dagger
  2654 | D:2      | Noticed a +0 dagger
  2802 | D:2      | Found an opulent altar of Gozag.
  3221 | D:2      | Received a gift from Nemelex Xobeh
  3481 | D:3      | Found a snail-covered altar of Cheibriados.
  3687 | D:3      | Reached XP level 6. HP: 49/49 MP: 6/6
  4005 | D:3      | HP: 3/73 [poisoned by a kobold]
  4007 | D:3      | Succumbed to a kobold's poison

Illustrated notes

Levels and vault maps discovered:
D:1:      shiori_arrival_maze, layout_basic
D:2:      layout_loops_cross, nicolae_gozag_cash_rules_everything_around_me,
          dancing_weapons_uskayaw, grunt_qazlal_clouds
D:3:      layout_basic, kennysheep_slug_shrine
D:4:      layout_loops_ring, nicolae_overflow_crystal_walls,
          kennysheep_mini_moat, nicolae_overflow_hidden_temple,
          minmay_temple_entry_slanted, cheibrodos_sewer_entry_bend, tgw_fedhas
D:5:      layout_basic, basic_altar
Temple:   cyrus_temple_forest

Skill      XL: |  1  2  3  4  5 |
---------------+----------------+-----
Axes           | 2 3 4 5 |  5.9
Fighting       | |  3.0
Dodging        | |  1.7
Stealth        | |  4.5

Action                   |  1- 3 |  4- 6 || total
-------------------------+-------+-------++-------
Melee: Hand axe          |    16 |   240 ||   256
Evoke: Wand              |     3 |     7 ||    10
  Use: Potion            |       |     3 ||     3
 Stab: Paralysed         |    10 |       ||    10
       Sleeping          |     1 |    12 ||    13
       Distracted        |       |     1 ||     1
Armor: Leather armour    |     1 |    47 ||    48
       Skin              |       |    15 ||    15
       Scale mail        |       |    28 ||    28
Dodge: Dodged            |     5 |   121 ||   126

Table legend: (Time is in decaauts)
 A = Elapsed time spent in this place.
 B = Non-inter-level travel time spent in this place.
 C = Inter-level travel time spent in this place.
 D = Time resting spent in this place.
 E = Time spent auto-exploring this place.
 F = Levels seen in this place.
 G = Mean time per level.
                   A        B        C        D        E       F      G
               +--------+--------+--------+--------+--------+-----+--------+
         Total |   4030 |   3969 |     61 |    798 |   2421 |   6 |  671.7 |
       Dungeon |   3918 |   3889 |     29 |    798 |   2379 |   5 |  783.6 |
        Temple |    112 |     80 |     32 |      0 |     42 |   1 |  112.0 |
               +--------+--------+--------+--------+--------+-----+--------+

Top non-repeatable levels by time:
     D:2: 1195 daAuts
     D:1: 975 daAuts
     D:4: 898 daAuts
     D:3: 583 daAuts
     D:5: 266 daAuts
  Temple: 112 daAuts
